 Dungeon Crawl Stone Soup version 0.22-a0-580-gd5db89c (webtiles) character file.

277 MothsLongingForFire the Poker (level 6, -3/49 HPs)
             Began as a Demonspawn Gladiator on July 2, 2018.
             Slain by an ogre
             ... wielding a +0 giant club
              (13 damage)
             ... on level 5 of the Dungeon.
             The game lasted 00:07:58 (2844 turns).

MothsLongingForFire the Poker (DsGl)                Turns: 2844, Time: 00:07:59

Health: -3/49      AC: 10    Str: 17    XL:     6   Next: 4%
Magic:  6/6        EV:  7    Int:  9    God:
Gold:   227        SH:  0    Dex: 14    Spells: 5/5 levels left

rFire    + . .     SeeInvis .   a - +1 trident
rCold    . . .     Gourm    .   (no shield)
rNeg     . . .     Faith    .   n - +0 chain mail
rPois    .         Spirit   .   c - +1 helmet
rElec    .         Reflect  .   o - scarf {repulsion}
rCorr    .         Harm     .   (no gloves)
MR       .....                  (no boots)
Stlth    ..........             (no amulet)
HPRegen  0.16/turn              (no ring)
MPRegen  0.10/turn              (no ring)

@: repel missiles
A: talons 2, fire resistance 1, powered by death 1
a: no special abilities


You were on level 5 of the Dungeon.
You were not hungry.

You visited 1 branch of the dungeon, and saw 5 of its levels.

You collected 227 gold pieces.


Innate Abilities, Weirdness & Mutations

You have razor-sharp toenails.
Your flesh is heat resistant. (rF+)
You regenerate a little health from kills.


   Skills:
 + Level 4.6 Fighting
 + Level 4.8 Polearms
 - Level 1.7 Throwing
 - Level 2.6 Dodging


You had 5 spell levels left.
You didn't know any spells.
Your spell library was empty.

Inventory:

Hand Weapons
 a - a +1 trident (weapon)
 g - a +0 blowgun {@w1}
Missiles
 d - 3 throwing nets {=f}
 i - 18 poisoned needles
 j - 81 sling bullets
 l - 75 stones (quivered)
Armour
 b - a +0 leather armour
 c - a +1 helmet (worn)
 n - a +0 chain mail (worn)
 o - a scarf of repulsion (worn)
Jewellery
 F - an uncursed ring of fire
Wands
 q - a wand of digging (11)
Scrolls
 e - 2 scrolls of identify {@r1}
 h - 2 scrolls of remove curse {@r2}
 k - a scroll of magic mapping
 m - a scroll of enchant armour
 t - 2 scrolls of immolation {!r}
Comestibles
 f - 4 rations {@e1}
 p - a chunk of flesh

Dungeon Overview and Level Annotations

Branches:
Dungeon (6/15)
 Temple: D:4-7

Altars:

########
########.......
#........(.#####
#....$....(..
#>###.#.####.
#.#..@....#..
#!#.#O.......
.##.#..........
...............
.##.#.#.#......
.!...#.#......
.##.#.#........
...# ###.###..
... O# #.


You could see an ogre.


Message History

You now have 227 gold pieces (gained 7).
You puncture the ogre! You claw the ogre.
The ogre is heavily wounded.
The ogre hits you but does no damage.
You barely miss the ogre.
The ogre is heavily wounded.
The ogre closely misses you.
You barely miss the ogre.
The ogre is heavily wounded.
Your chain mail prevents you from hitting the ogre.
You claw the ogre, but do no damage.
The ogre is heavily wounded.
The ogre hits you with a giant club!
* * * LOW HITPOINT WARNING * * *
You are too injured to fight recklessly!
You are too injured to fight recklessly!
Attack whom?
Press: ? - help, Dir - move target cursor, f - ogre
Aim: an ogre, wielding a giant club (heavily wounded)
You barely miss the ogre.
The ogre is heavily wounded.
The ogre hits you with a giant club!
* * * LOW HITPOINT WARNING * * *
Attack whom?
Press: ? - help, Dir - move target cursor, f/p - ogre
Aim: an ogre, wielding a giant club (heavily wounded)
You hit the ogre.
The ogre is severely wounded.
The ogre hits you with a giant club!
You die...

Skill      XL: |  1  2  3  4 |
---------------+-------------+-----
Polearms       | 3 4 |  4.8
Fighting       | 3 4 |  4.6
Throwing       | |  1.7
Dodging        | |  2.6

Action                   |  1- 3 |  4- 6 || total
-------------------------+-------+-------++-------
Melee: Trident           |   123 |    95 ||   218
       Kick              |    24 |    25 ||    49
  Use: Scroll            |       |     7 ||     7
       Potion            |       |     3 ||     3
 Stab: Sleeping          |     1 |       ||     1
  Eat: Chunk             |     2 |     4 ||     6
Armor: Leather armour    |    13 |       ||    13
       Chain mail        |    25 |    62 ||    87
Dodge: Dodged            |    54 |    36 ||    90
       Deflected         |       |     3 ||     3

Vault maps used:
D:1:      wheals_arrival_shading
D:3:      first_ration
D:5:      grunt_temple_overflow_open, temple_fountains, portal_sewer_entry_f
D:6:      uniq_menkaure

Notes
Turn   | Place    | Note
-------+----------+-------------------------------------------
     0 | D:1      | MothsLongingForFire the Demonspawn Gladiator began the quest for the Orb.
     0 | D:1      | Reached XP level 1. HP: 16/16 MP: 1/1
   239 | D:1      | Reached skill level 3 in Polearms
   239 | D:1      | Gained mutation: You have sharp toenails. [demonic ancestry]
   239 | D:1      | Reached XP level 2. HP: 16/23 MP: 2/2
   819 | D:2      | Reached XP level 3. HP: 26/28 MP: 3/3
   998 | D:2      | Reached skill level 3 in Fighting
  1362 | D:2      | Gained mutation: Your flesh is heat resistant. (rF+) [demonic ancestry]
  1362 | D:2      | Reached XP level 4. HP: 35/35 MP: 4/4
  2416 | D:3      | Reached skill level 4 in Polearms
  2644 | D:3      | You fall through a shaft for 3 floors!
  2644 | D:6      | Noticed a bullfrog
  2644 | D:6      | Noticed a bullfrog
  2678 | D:5      | Entered Level 5 of the Dungeon
  2693 | D:5      | Killed a bullfrog
  2693 | D:5      | Reached skill level 4 in Fighting
  2693 | D:5      | Gained mutation: You have razor-sharp toenails. [demonic ancestry]
  2693 | D:5      | Reached XP level 5. HP: 25/42 MP: 5/5
  2715 | D:5      | Gained mutation: You regenerate a little health from kills. [demonic ancestry]
  2715 | D:5      | Reached XP level 6. HP: 10/49 MP: 6/6
  2844 | D:5      | Slain by an ogre

Vanquished Creatures
  2 bullfrogs (D:5)
  A crimson imp (D:5)
  4 adders
  An ooze (D:1)
  An adder skeleton (D:5)
  3 worms (D:3)
  4 leopard geckos
  An orc (D:3)
  5 bats
  A giant cockroach (D:2)
  9 goblins
  7 hobgoblins
  4 jackals
  2 quokkas (D:2)
  A ball python (D:1)
  4 frilled lizards
  8 kobolds
  7 rats
65 creatures vanquished.

Table legend:
 A = Turns spent in this place as a percentage of turns spent in the entire game.
 B = Non-inter-level travel turns spent in this place as a percentage of non-inter-level travel turns spent in the entire game.
 C = Inter-level travel turns spent in this place as a percentage of turns spent in this place.
 D = Turns resting spent in this place as a percentage of non-inter-level travel turns spent in this place.
 E = Turns spent auto-exploring this place as a percentage of non-inter-level travel turns spent in this place.
 F = Non-inter-level travel turns spent in this place divided by the number of levels of this place that you've seen.
                   A       B       C       D       E      F
               +-------+-------+-------+-------+-------+----------------------
         Total | 100.0 | 100.0 |   1.4 |  33.6 |  44.8 | 561.0
       Dungeon | 100.0 | 100.0 |   1.4 |  33.6 |  44.8 | 561.0
               +-------+-------+-------+-------+-------+----------------------

Table legend:
 A = Spawn XP
 B = Non-spawn XP
 C = Spawn XP percentage of total XP
 D = Spawn monster count
 E = Non-spawn monster count
 F = Spawn count percentage of total count
 G = Total turns spent on level
                    A         B        C        D         E        F      G
               +---------+---------+-------+---------+---------+-------+---------
         Total |       0 |     396 |   0.0 |       0 |      65 |   0.0 |  2844
               +---------+---------+-------+---------+---------+-------+---------
           D:1 |       0 |      39 |   0.0 |       0 |      23 |   0.0 |   809
           D:2 |       0 |      76 |   0.0 |       0 |      23 |   0.0 |   855
           D:3 |       0 |      48 |   0.0 |       0 |      15 |   0.0 |   980
           D:5 |       0 |     233 |   0.0 |       0 |       4 |   0.0 |   166
               +---------+---------+-------+---------+---------+-------+---------
